 Dungeon Crawl Stone Soup version 0.23.2-33-g5129a83 (webtiles) character file.

Game seed: 5095929548589849382

6342 Fortress the Spear-Bearer (level 10, -1/94 HPs)
             Began as a Deep Dwarf Berserker on June 29, 2019.
             Was a High Priest of Trog.
             Succumbed to a hornet's poison
             ... on level 8 of the Dungeon.
             The game lasted 00:38:45 (6448 turns).

Fortress the Spear-Bearer (Deep Dwarf Berserker)    Turns: 6448, Time: 00:38:46

Health: -1/94      AC: 17    Str: 24    XL:     10   Next: 64%
Magic:  6/6        EV:  8    Int:  8    God:    Trog [*****.]
Gold:   310        SH:  0    Dex: 17    Spells: 9/9 levels left

rFire    . . .     SeeInvis .   a - +2 scythe (vamp)
rCold    + . .     Gourm    .   (shield currently unavailable)
rNeg     + . .     Faith    .   M - +1 plate armour {rN+}
rPois    .         Spirit   .   (no helmet)
rElec    .         Reflect  .   l - +0 cloak of Grace {-Cast rC+ Dex+5 Slay+3}
rCorr    .         Harm     .   y - +2 pair of gloves
MR       +....     NoCast   +   (no boots)
Stlth    ..........             (no amulet)
HPRegen  0.00/turn              d - ring of flight
MPRegen  0.10/turn              (no ring)

@: lethally poisoned (-1 -> -49), very slightly contaminated, non-regenerating,
slowed, very slow
A: damage resistance, heal wounds, sense surroundings 2, no regeneration
a: Heal Wounds, Berserk, Trog's Hand, Brothers in Arms, Renounce Religion, Evoke
Flight


You were on level 8 of the Dungeon.
You worshipped Trog.
Trog was extremely pleased with you.
You were hungry.

You visited 2 branches of the dungeon, and saw 10 of its levels.

You collected 310 gold pieces.

Inventory:

Hand Weapons
 a - a +2 vampiric scythe (weapon)
 i - a +0 war axe
 s - a +0 blowgun
 w - a +2 dagger of pain
Missiles
 h - 149 stones (quivered)
 p - 24 poisoned needles
 x - 44 sling bullets
 I - 3 needles of frenzy
Armour
 b - a +1 plate armour
 l - the +0 cloak of Grace (worn) {-Cast rC+ Dex+5 Slay+3}
   (You found it on level 4 of the Dungeon)

   It affects your dexterity (+5).
   It affects your accuracy and damage with ranged weapons and melee attacks
   (+3).
   It protects you from cold.
   It prevents spellcasting.
 r - a +1 buckler of protection
 t - a +1 ring mail of poison resistance
 y - a +2 pair of gloves (worn)
 z - a +1 cloak of invisibility
 E - the +1 chain mail of Onuam {Dex+2}
   (You found it on level 4 of the Dungeon)

   It affects your dexterity (+2).
 M - a +1 plate armour of positive energy (worn)
Jewellery
 d - a ring of flight (left hand)
 e - an uncursed ring of stealth {unknown}
 A - a cursed ring of attention {unknown}
 B - an uncursed amulet of guardian spirit {unknown}
 G - an uncursed ring of fire {unknown}
 H - an uncursed ring of positive energy
 K - a +2 ring of strength {unknown}
 P - an uncursed amulet of guardian spirit {unknown}
Wands
 j - a wand of digging (14)
 C - a wand of clouds (6)
 D - a wand of iceblast (10)
Scrolls
 g - 2 scrolls of identify
 m - 6 scrolls of teleportation
 u - 4 scrolls of remove curse
 v - 3 scrolls of enchant armour
 F - a scroll of enchant weapon
 N - a scroll of silence {unknown}
Potions
 f - 5 potions of lignification
 k - 2 potions of haste {unknown}
 n - 2 potions of flight {unknown}
 o - 5 potions of curing
 q - a potion of degeneration {unknown}
 J - 3 potions of ambrosia {unknown}
 L - a potion of brilliance {unknown}
Comestibles
 c - 10 rations


   Skills:
 + Level 7.2 Fighting
 - Level 5.3(10.7) Axes
 + Level 12.0(12.3) Polearms
 - Level 4.0 Armour
 - Level 3.1 Dodging


You had 9 spell levels left.
You didn't know any spells.
Your spell library was empty.

Dungeon Overview and Level Annotations

Branches:
Dungeon (9/15)             Temple (1/1) D:7
   Lair: D:8-11         Orc: D:9-12

Altars:
Ashenzari
Cheibriados
Dithmenos
Elyvilon
Fedhas
Gozag
Hepliaklqana
Kikubaaqudgha
Makhleb
Nemelex Xobeh
Okawaru
Qazlal
Ru
Sif Muna
Trog
Uskayaw
Vehumet
Wu Jian
Xom
Yredelemnul
Zin
The Shining One


Innate Abilities, Weirdness & Mutations

You are resistant to damage.
You can heal yourself by infusing magical energy.
You passively map the area around you.
You do not regenerate.


Message History

* * * LOW HITPOINT WARNING * * *
You feel extremely sick. The hornet stings you!
* * * LOW HITPOINT WARNING * * *
You are more poisoned.
You feel as though you will be slow longer.
The hornet stings you.
* * * LOW HITPOINT WARNING * * *
You are more poisoned.
You feel as though you will be slow longer.
The soldier ant stings you but does no damage.
The hornet stings you.
* * * LOW HITPOINT WARNING * * *
You feel as though you will be slow longer.
The soldier ant barely misses you.
Blink to where?
Press: ? - help, Dir - move target cursor You are very lightly contaminated with residual magic.
As you read the scroll of blinking, it crumbles to dust.
You die...

.....# #........## ,* , ,,
, ...#.# #........#.#,## *
** * .#.#.# #.....)..##.#y#
, ,, , , .#.#.#
#.....)<.#a#y#* * * *
.....# #.#########ยง#.#
##...# #.# ###.### , ,
###..###.# #).#..# *
....?....########.#.#######
,*
###.>...........@..).......
###.##.################## ,
####...#.# , .....#...#
####...### ##.## #.# #.#
#.#


You could see 2 hornets.

Vanquished Creatures
  2 two-headed ogres
  A hornet (D:8)
  2 hippogriffs
  Sigmund (D:2)
  2 humans (D:8)
  5 yaks (D:7)
  A sky beast (D:5)
  2 ice beasts
  3 orc warriors
  A black bear (D:7)
  4 ogres
  A necrophage (D:7)
  2 phantoms (D:5)
  4 centaurs
  2 bullfrogs
  2 gnoll sergeants
  2 scorpions
  4 wights (D:7)
  4 crimson imps
  2 centaur skeletons
  A hound (D:8)
  2 jellies
  5 orc wizards
  A quasit (D:8)
  Crazy Yiuf (D:4)
  6 orc priests
  A bullfrog skeleton (D:6)
  A gnoll shaman (D:7)
  7 worker ants
  A worker ant zombie (D:6)
  14 gnolls
  A howler monkey skeleton (D:4)
  11 adders
  2 shadow imps
  2 worms (D:2)
  4 dart slugs
  8 leopard geckos
  32 orcs
  12 bats
  4 giant cockroaches
  6 goblins
  13 hobgoblins
  4 jackals (D:8)
  3 quokkas
  A ball python (D:7)
  8 frilled lizards
  A giant cockroach zombie (D:5)
  A jackal skeleton (D:5)
  3 kobolds
  6 rats
209 creatures vanquished.

Notes
Turn   | Place    | Note
-------+----------+-------------------------------------------
     0 | D:1      | Fortress the Deep Dwarf Berserker began the quest for the
                  | Orb.
     0 | D:1      | Reached XP level 1. HP: 20/20 MP: 1/1
    74 | D:1      | Reached XP level 2. HP: 20/27 MP: 2/2
   388 | D:1      | Reached XP level 3. HP: 31/34 MP: 3/3
   507 | D:1      | Reached ** piety under Trog
  1008 | D:2      | Noticed Sigmund
  1014 | D:2      | Reached XP level 4. HP: 9/42 MP: 4/4
  1015 | D:2      | Killed Sigmund
  1015 | D:2      | Reached skill level 5 in Axes
  1015 | D:2      | Reached XP level 5. HP: 11/49 MP: 5/5
  1031 | D:2      | HP: 2/49 [adder (3)]
  1301 | D:2      | Reached XP level 6. HP: 52/56 MP: 6/6
  1523 | D:3      | Reached skill level 1 in Polearms
  1673 | D:3      | Reached skill level 2 in Polearms
  1681 | D:3      | Reached *** piety under Trog
  1693 | D:3      | Noticed a hippogriff
  1719 | D:3      | Killed a hippogriff
  1719 | D:3      | Reached skill level 3 in Polearms
  1719 | D:3      | Reached XP level 7. HP: 64/64 MP: 4/4
  2043 | D:3      | Found a blossoming altar of Fedhas.
  2043 | D:3      | Found an opulent altar of Gozag.
  2043 | D:3      | Found a white marble altar of Elyvilon.
  2211 | D:4      | Got a spiked cloak
  2217 | D:4      | Identified the +0 cloak of Grace {-Cast rC+ Dex+5 Slay+3}
                  | (You found it on level 4 of the Dungeon)
  2323 | D:4      | Reached skill level 4 in Polearms
  2345 | D:4      | Found a deep blue altar of Sif Muna.
  2525 | D:4      | Found a runed translucent door.
  2526 | D:4      | Noticed Crazy Yiuf
  2531 | D:4      | Killed Crazy Yiuf
  2670 | D:4      | Got a polished chain mail
  2681 | D:4      | Identified the +1 chain mail of Onuam {Dex+2} (You found it
                  | on level 4 of the Dungeon)
  2698 | D:4      | Found a snail-covered altar of Cheibriados.
  2742 | D:4      | Reached skill level 5 in Polearms
  2982 | D:5      | Entered Level 5 of the Dungeon
  3071 | D:5      | Reached XP level 8. HP: 62/73 MP: 5/5
  3081 | D:5      | Reached skill level 6 in Polearms
  3158 | D:5      | Reached **** piety under Trog
  3225 | D:5      | Reached skill level 7 in Polearms
  3690 | D:6      | Reached skill level 8 in Polearms
  3772 | D:6      | You fall through a shaft for 3 floors!
  3842 | D:8      | Found an iron altar of Okawaru.
  3860 | D:8      | Reached skill level 5 in Fighting
  3860 | D:8      | Gained mutation: You passively map the area around you.
                  | [Deep Dwarf growth]
  3860 | D:8      | Reached XP level 9. HP: 53/81 MP: 6/6
  4053 | D:7      | Reached skill level 9 in Polearms
  4137 | D:7      | Reached skill level 10 in Polearms
  4204 | D:7      | Reached ***** piety under Trog
  4497 | D:7      | Found a staircase to the Ecumenical Temple.
  4510 | Temple   | Entered the Ecumenical Temple
  5187 | D:7      | Received a gift from Trog
  5187 | D:7      | Reached XP level 10. HP: 49/91 MP: 7/7
  5241 | D:7      | Noticed a two-headed ogre
  5249 | D:7      | Killed a two-headed ogre
  5249 | D:7      | Reached skill level 11 in Polearms
  5971 | D:6      | Found an ancient bone altar of Kikubaaqudgha.
  6280 | D:8      | Found a deep blue altar of Sif Muna.
  6288 | D:8      | Found a burning altar of Makhleb.
  6288 | D:8      | Found a shadowy altar of Dithmenos.
  6289 | D:8      | Found a shattered altar of Ashenzari.
  6291 | D:8      | Found an ornate altar of the Wu Jian Council.
  6420 | D:8      | Noticed a two-headed ogre
  6432 | D:8      | Killed a two-headed ogre
  6432 | D:8      | Reached skill level 12 in Polearms
  6439 | D:8      | Paralysed by a hornet for 1 turns
  6445 | D:8      | Paralysed by a hornet for 3 turns
  6448 | D:8      | Succumbed to a hornet's poison

Skill      XL: |  1  2  3  4  5  6  7  8  9 10 |
---------------+-------------------------------+-----
Fighting       | 3 4 5 6 7 |  7.2
Axes           | 4 5 |  5.3
Armour         | 3 4 |  4.0
Dodging        | 3 |  3.1
Polearms       | 3 5 8 10 12 | 12.0

Action                   |  1- 3 |  4- 6 |  7- 9 | 10-12 || total
-------------------------+-------+-------+-------+-------++-------
Melee: Hand axe          |    92 |       |       |       ||    92
       War axe           |    45 |    10 |       |       ||    55
       Scythe            |       |   124 |   337 |   101 ||   562
Invok: Trog's Hand       |     1 |     1 |       |     1 ||     3
       Berserk           |     1 |     2 |       |     1 ||     4
 Abil: Heal Wounds       |     1 |     4 |     1 |     3 ||     9
  Use: Scroll            |       |       |    12 |     1 ||    13
 Stab: Sleeping          |     2 |       |       |       ||     2
  Eat: Chunk             |     1 |     2 |    11 |     1 ||    15
       Ration            |       |     2 |     1 |     1 ||     4
Armor: Animal skin       |    15 |       |       |       ||    15
       Ring mail         |    36 |    98 |     9 |       ||   143
       Plate armour      |       |       |   255 |    98 ||   353
Dodge: Dodged            |   105 |   200 |   197 |    53 ||   555
